WCHLSIM.com - West Coast Hockey League
html PUBLIC "-//W3C//DTD XHTML 1.0 Transitional//EN" "http://www.w3.org/TR/xhtml1/DTD/xhtml1-transitional.dtd"> WCHL - Game 761 - RENO LIONS vs WINNIPEG BEAVERS

RENO LIONS vs WINNIPEG BEAVERS

Created - 2 février 2020 at 10:48

Goals
1 2 3 T
RENO LIONS 1 0 1 2
WINNIPEG BEAVERS 2 0 1 3
Shots
1 2 3 T
RENO LIONS 7 6 6 19
WINNIPEG BEAVERS 17 15 16 48

1st period

1. WINNIPEG BEAVERS , Pontus Aberg 3 (Matt Cullen 6, Zach Bogosian 7) at 3:37
2. RENO LIONS , Evgeny Dadonov 15 (Max Domi 44, Pierre-Luc Dubois 45) at 13:04
3. WINNIPEG BEAVERS , Reyley Smith 22 (Ilya Kovalchuk 13, Travis Zajac 18) at 13:52

Penalties :
Jordie Benn (REN) for Interference (Minor) at 5:40, Troy Brouwer (WIN) for Goalie Interference (Minor) at 7:51, Timo Meier (REN) for Boarding (Minor) at 17:34

2nd period

No Goal

Penalties :
Ryan Pulock (REN) for Holding Stick (Minor) at 1:05, Adam McQuaid (REN) for High sticking (Minor) at 14:16, Jordie Benn (REN) for Slashing (Minor) at 18:30

3rd period

4. WINNIPEG BEAVERS , Reyley Smith 23 (Travis Zajac 19, Mike Green 6) at 2:19
5. RENO LIONS , Pierre-Luc Dubois 26 (Vincent Hinostroza 10, Alex Killorn 9) at 5:15 (PP)

Penalties :
Kris Russell (WIN) for Hooking (Minor) at 3:48

Goalie Stats

Jaroslav Halak (REN), 45 saves from 48 shots - (0,938), L, 24-8-1, 60:00 minutes
Sergei Bobrovsky (WIN), 17 saves from 19 shots - (0,895), W, 27-13-2, 60:00 minutes

Players Stats for RENO LIONS

Player Name              G  A  P  +/- PIM S  H  SB GA TA FO     MP     PP MP  PK MP  
------------------------------------------------------------------------------------
Adam McQuaid             0  0  0  -1  2   0  5  2  0  0  0/0    16:40   0:00   2:29 
Alex Killorn             0  1  1  -1  0   4  0  0  0  0  0/0    16:40   1:24   0:00 
Anders Lee               0  0  0  -1  0   2  0  0  0  0  3/4    12:03   0:00   0:08 
Blake Coleman            0  0  0  -1  0   0  0  0  0  0  3/12   15:33   0:00   4:07 
Drew Stafford            0  0  0  -1  0   0  0  0  0  0  0/0     4:49   0:00   0:00 
Elias Pettersson         0  0  0  -1  0   1  1  0  0  0  7/15   17:47   2:02   0:00 
Ethan Bear               0  0  0  -1  0   0  0  0  0  0  0/0    20:45   1:21   5:41 
Evgeny Dadonov           1  0  1   1  0   4  0  0  0  0  0/0    16:41   2:02   0:00 
Jordie Benn              0  0  0  -1  4   2  2  1  0  0  0/0    19:20   1:21   3:25 
Max Domi                 0  1  1   1  0   0  3  0  0  0  8/21   16:41   2:02   0:00 
Nikolay Goldobin         0  0  0  -1  0   0  0  0  0  0  0/0     4:49   0:00   0:00 
Oliver Ekman-Larsson     0  0  0   0  0   1  2  5  0  0  0/0    21:11   2:05   1:15 
Olli Maatta              0  0  0  -1  0   1  0  3  0  0  0/0    22:05   0:00   7:00 
Pierre-Luc Dubois        1  1  2   1  0   2  1  2  0  0  4/7    20:10   1:24   4:07 
Ryan Pulock              0  0  0   0  2   0  2  1  0  0  0/0    19:55   2:05   0:00 
Timo Meier               0  0  0  -1  2   2  2  0  0  0  0/1    19:50   0:00   4:35 
Tomas Nosek              0  0  0  -1  0   0  1  0  0  0  4/13   10:37   0:00   5:48 
Vincent Hinostroza       0  1  1  -1  0   0  0  0  0  0  0/1    14:24   1:24   1:05 

Players Stats for WINNIPEG BEAVERS

Player Name              G  A  P  +/- PIM S  H  SB GA TA FO     MP     PP MP  PK MP  
------------------------------------------------------------------------------------
Brad Marchand            0  0  0   0  0   7  2  0  0  0  0/2    20:43   5:08   0:00 
Brandon Tanev            0  0  0   0  0   0  3  0  0  0  1/1    12:11   0:00   1:38 
Caleb Jones              0  0  0   0  0   0  2  2  0  0  0/0    15:10   0:00   0:00 
David Backes             0  0  0   0  0   0  1  0  0  0  3/3    12:21   0:00   1:48 
David Krejci             0  0  0   0  0   2  1  0  0  0  13/21  20:43   5:08   0:00 
Gustav Nyquist           0  0  0   0  0   2  0  0  0  0  0/1    19:28   4:47   0:00 
Ilya Kovalchuk           0  1  1   1  0   5  2  0  0  0  0/3    18:59   4:47   0:00 
Justin Braun             0  0  0   0  0   2  0  1  0  0  0/0    17:35   0:00   1:31 
Kris Russell             0  0  0   1  2   2  5  1  0  0  0/0    21:35   4:18   1:08 
Matt Cullen              0  1  1   1  0   1  0  1  0  0  3/6     8:07   0:00   1:48 
Mika Zibanejad           0  0  0   0  0   11 1  0  0  0  7/14   16:39   5:37   0:00 
Mike Green               0  1  1   1  0   1  1  0  0  0  0/0    24:07   5:37   1:15 
Nick Seeler              0  0  0   1  0   0  4  0  0  0  0/0    15:37   0:00   0:47 
Pontus Aberg             1  0  1   1  0   4  0  0  0  0  0/0     6:19   0:00   0:00 
Reyley Smith             2  0  2   1  0   7  1  0  0  0  0/1    19:45   5:08   0:00 
Travis Zajac             0  2  2   1  0   2  0  0  0  0  18/22  20:37   4:47   1:38 
Troy Brouwer             0  0  0   1  2   1  2  0  0  0  0/0     6:18   0:00   0:00 
Zach Bogosian            0  1  1   1  0   1  0  0  0  0  0/0    20:18   4:18   2:11 

3 Stars

1 - Reyley Smith (WIN)
2 - Pierre-Luc Dubois (REN)
3 - Jaroslav Halak (REN)

Power Play

RENO LIONS - 1 on 2 Attempt(s) - 50,00%
WINNIPEG BEAVERS - 0 on 5 Attempt(s) - 0,00%

Penalty Kill

RENO LIONS - 5 on 5 Attempt(s) - 100,00% - Score 0 goal in Penalty Kill
WINNIPEG BEAVERS - 1 on 2 Attempt(s) - 50,00% - Score 0 goal in Penalty Kill

Team Stat

RENO LIONS - Hits : 19 - Faceoff Wins : 29 - Blocked Shots : 14 - Penalty Minutes : 10
WINNIPEG BEAVERS - Hits : 25 - Faceoff Wins : 45 - Blocked Shots : 5 - Penalty Minutes : 4

Official

Referees : Dennis LaRue and Darcy Burchell
Linesman : Michael Voyer and Jeff Walker

Game Notes

No Game Note

Finance

Level 1 -- Attendance: 6000 (100,00%) -- Ticket Income 744 000 $
Level 2 -- Attendance: 5000 (100,00%) -- Ticket Income 435 000 $
Level 3 -- Attendance: 2000 (100,00%) -- Ticket Income 128 000 $
Level 4 -- Attendance: 4000 (100,00%) -- Ticket Income 172 000 $
Luxury Box -- Attendance: 1000 (100,00%) -- Ticket Income 255 000 $
Total Attendance: 18000 (100,00%)
Total Ticket Income: 1 734 000 $
Other Income: 520 200 $
Total Income: 2 254 200 $

RENO LIONS

5 vs 5 Forward 
   Center                   Left Wing                Right Wing               Time % Phy DF OF 
 1 Elias Pettersson         Alex Killorn             Timo Meier               35     1   2  2  
 2 Max Domi                 Pierre-Luc Dubois        Evgeny Dadonov           30     1   2  2  
 3 Blake Coleman            Anders Lee               Vincent Hinostroza       25     1   2  2  
 4 Tomas Nosek              Nikolay Goldobin         Drew Stafford            10     1   2  2  

5 vs 5 Defense 
   Defense                  Defense                                           Time % Phy DF OF 
 1 Oliver Ekman-Larsson     Ryan Pulock                                       35     1   2  2  
 2 Olli Maatta              Jordie Benn                                       35     1   2  2  
 3 Ethan Bear               Adam McQuaid                                      25     1   2  2  
 4 Oliver Ekman-Larsson     Ryan Pulock                                       5      1   2  2  

PowerPlay Forward 
   Center                   Left Wing                Right Wing               Time % Phy DF OF 
 1 Max Domi                 Evgeny Dadonov           Elias Pettersson         55     1   2  2  
 2 Pierre-Luc Dubois        Alex Killorn             Vincent Hinostroza       45     1   2  2  

PowerPlay Defense
   Defense                  Defense                                           Time % Phy DF OF 
 1 Oliver Ekman-Larsson     Ryan Pulock                                       55     1   2  2  
 2 Ethan Bear               Jordie Benn                                       45     1   2  2  

Penalty Kill 4 Players Forward 
   Center                   Wing                     Time % Phy DF OF 
 1 Tomas Nosek              Timo Meier               55     1   2  2  
 2 Pierre-Luc Dubois        Blake Coleman            45     1   2  2  

Penalty Kill 4 Players Defense
   Defense                  Defense                  Time % Phy DF OF 
 1 Jordie Benn              Olli Maatta              55     1   2  2  
 2 Ethan Bear               Adam McQuaid             45     1   2  2  

Penalty Kill - 3 Players Forward 
   Forward                                           Time % Phy DF OF 
 1 Blake Coleman                                     55     1   2  2  
 2 Timo Meier                                        45     1   2  2  

Penalty Kill - 3 Players Defense
   Defense                  Defense                  Time % Phy DF OF 
 1 Jordie Benn              Ryan Pulock              55     1   2  2  
 2 Olli Maatta              Ethan Bear               45     1   2  2  

4 vs 4 Forward 
   Center                   Wing                     Time % Phy DF OF 
 1 Max Domi                 Anders Lee               55     1   2  2  
 2 Blake Coleman            Alex Killorn             45     1   2  2  

4 vs 4 Defense
   Defense                  Defense                  Time % Phy DF OF 
 1 Olli Maatta              Adam McQuaid             55     1   2  2  
 2 Ethan Bear               Ryan Pulock              45     1   2  2  

Last Minutes Offensive
   Center                   Left Wing                Right Wing               Defense                  Defense                  
   Max Domi                 Evgeny Dadonov           Elias Pettersson         Oliver Ekman-Larsson     Ryan Pulock              

Last Minutes Defensive
   Center                   Left Wing                Right Wing               Defense                  Defense                  
   Pierre-Luc Dubois        Tomas Nosek              Timo Meier               Jordie Benn              Ryan Pulock              

Goaltenders
Starting : Jaroslav Halak           
Backup : Thomas Greiss            

Extra Forwards
Normal : Elias Pettersson, Evgeny Dadonov, Max Domi - PP : Alex Killorn, Anders Lee - PK : Tomas Nosek
Extra Defensemen
Normal : Oliver Ekman-Larsson, Adam McQuaid, Ryan Pulock - PP : Oliver Ekman-Larsson - PK : Jordie Benn, Olli Maatta
Penalty Shots
Elias Pettersson, Max Domi, Timo Meier, Evgeny Dadonov, Pierre-Luc Dubois
Custom OT Lines Forwards
Timo Meier, Evgeny Dadonov, Elias Pettersson, Pierre-Luc Dubois, Alex Killorn, Max Domi, Anders Lee, Blake Coleman, Vincent Hinostroza, Tomas Nosek
Custom OT Lines Defensemen
Oliver Ekman-Larsson, Ryan Pulock, Olli Maatta, Jordie Benn, Ethan Bear

Scratches
Nicolas Hague (Healthy), Cale Fleury (Healthy), David Kase (Healthy), Gabriel Fortier (Healthy), Glenn Gawdin (Healthy)
Robert Hagg (Healthy), William Karlsson (Sprained Right Ankle Injury), Calvin Pickard (Healthy)

WINNIPEG BEAVERS

5 vs 5 Forward 
   Center                   Left Wing                Right Wing               Time % Phy DF OF 
 1 David Krejci             Brad Marchand            Gustav Nyquist           33     0   3  2  
 2 Travis Zajac             Ilya Kovalchuk           Reyley Smith             31     0   2  3  
 3 Mika Zibanejad           Brandon Tanev            David Backes             26     1   3  1  
 4 Matt Cullen              Troy Brouwer             Pontus Aberg             10     0   4  1  

5 vs 5 Defense 
   Defense                  Defense                                           Time % Phy DF OF 
 1 Mike Green               Kris Russell                                      32     0   3  2  
 2 Justin Braun             Caleb Jones                                       31     1   3  1  
 3 Zach Bogosian            Nick Seeler                                       28     1   3  1  
 4 Mike Green               Nick Seeler                                       9      1   4  0  

PowerPlay Forward 
   Center                   Left Wing                Right Wing               Time % Phy DF OF 
 1 David Krejci             Brad Marchand            Reyley Smith             52     0   0  5  
 2 Travis Zajac             Ilya Kovalchuk           Gustav Nyquist           48     0   1  4  

PowerPlay Defense
   Defense                  Defense                                           Time % Phy DF OF 
 1 Mika Zibanejad           Mike Green                                        52     0   0  5  
 2 Zach Bogosian            Kris Russell                                      48     0   1  4  

Penalty Kill 4 Players Forward 
   Center                   Wing                     Time % Phy DF OF 
 1 Travis Zajac             Brandon Tanev            52     1   3  1  
 2 David Backes             Matt Cullen              48     1   4  0  

Penalty Kill 4 Players Defense
   Defense                  Defense                  Time % Phy DF OF 
 1 Zach Bogosian            Kris Russell             50     1   4  0  
 2 Justin Braun             Mike Green               50     1   4  0  

Penalty Kill - 3 Players Forward 
   Forward                                           Time % Phy DF OF 
 1 Travis Zajac                                      55     1   2  2  
 2 David Backes                                      45     1   2  2  

Penalty Kill - 3 Players Defense
   Defense                  Defense                  Time % Phy DF OF 
 1 Zach Bogosian            Kris Russell             55     1   2  2  
 2 Justin Braun             Mike Green               45     1   2  2  

4 vs 4 Forward 
   Center                   Wing                     Time % Phy DF OF 
 1 David Krejci             Brad Marchand            51     1   2  2  
 2 Travis Zajac             Reyley Smith             49     1   2  2  

4 vs 4 Defense
   Defense                  Defense                  Time % Phy DF OF 
 1 Mike Green               Kris Russell             51     1   2  2  
 2 Justin Braun             Nick Seeler              49     1   2  2  

Last Minutes Offensive
   Center                   Left Wing                Right Wing               Defense                  Defense                  
   Mika Zibanejad           Brad Marchand            Reyley Smith             Mike Green               Kris Russell             

Last Minutes Defensive
   Center                   Left Wing                Right Wing               Defense                  Defense                  
   David Krejci             Brad Marchand            Reyley Smith             Justin Braun             Kris Russell             

Goaltenders
Starting : Sergei Bobrovsky         
Backup : Linus Ullmark            

Extra Forwards
Normal : Mika Zibanejad, Brad Marchand, Reyley Smith - PP : David Krejci, Brad Marchand - PK : Troy Brouwer
Extra Defensemen
Normal : Mike Green, Zach Bogosian, Justin Braun - PP : Mike Green - PK : Nick Seeler, Justin Braun
Penalty Shots
Brad Marchand, Mika Zibanejad, David Krejci, Reyley Smith, Gustav Nyquist
Custom OT Lines Forwards
Brad Marchand, Mika Zibanejad, David Krejci, Reyley Smith, Ilya Kovalchuk, Gustav Nyquist, Brandon Tanev, David Backes, Travis Zajac, Matt Cullen
Custom OT Lines Defensemen
Mike Green, Kris Russell, Justin Braun, Zach Bogosian, Caleb Jones

Scratches
Dominik Shine (Healthy), Trevor Daley (Fractured Metatarsal (Right Foot) Injury), Griffin Reinhart (Healthy), Kevan Miller (Left Ankle Injury), Liam O'Brien (Healthy)
Kale Kessy (Healthy), Olivier Archambault (Healthy)

% Time on Ice - RENO LIONS

Lines # - Real PCT - Wanted PCT - Time Play
Normal Forward
1 - 33% - 35% - 15:16
2 - 32% - 30% - 14:39
3 - 25% - 25% - 11:26
4 - 10% - 10% - 4:49
Normal Defense
1 - 39% - 35% - 17:51
2 - 32% - 35% - 14:36
3 - 30% - 25% - 13:43
4 - 0% - 5% - 0:00
PP Forward
1 - 59% - 55% - 2:02
2 - 41% - 45% - 1:24
PP Defense
1 - 61% - 55% - 2:05
2 - 39% - 45% - 1:21
PK Forward
1 - 58% - 55% - 5:48
2 - 42% - 45% - 4:07
PK Defense
1 - 64% - 55% - 6:23
2 - 36% - 45% - 3:32
PK3 Forward
1 - 0% - 55%
2 - 0% - 45%
PK3 Defense
1 - 0% - 55%
2 - 0% - 45%
44 Forward
1 - 0% - 55%
2 - 0% - 45%
44 Defense
1 - 0% - 55%
2 - 0% - 45%
Last Minute Offensive  - 0:29
Last Minute Defensive  - 0:00
Total
Forward - 60:00
Defense - 60:00

% Time on Ice - WINNIPEG BEAVERS

Lines # - Real PCT - Wanted PCT - Time Play
Normal Forward
1 - 32% - 33% - 14:41
2 - 31% - 31% - 14:12
3 - 23% - 26% - 10:33
4 - 14% - 10% - 6:19
Normal Defense
1 - 34% - 32% - 15:45
2 - 33% - 31% - 15:10
3 - 30% - 28% - 13:49
4 - 2% - 9% - 1:01
PP Forward
1 - 52% - 52% - 5:08
2 - 48% - 48% - 4:47
PP Defense
1 - 57% - 52% - 5:37
2 - 43% - 48% - 4:18
PK Forward
1 - 48% - 52% - 1:38
2 - 52% - 48% - 1:48
PK Defense
1 - 64% - 50% - 2:11
2 - 36% - 50% - 1:15
PK3 Forward
1 - 0% - 55%
2 - 0% - 45%
PK3 Defense
1 - 0% - 55%
2 - 0% - 45%
44 Forward
1 - 0% - 51%
2 - 0% - 49%
44 Defense
1 - 0% - 51%
2 - 0% - 49%
Last Minute Offensive  - 0:00
Last Minute Defensive  - 0:54
Total
Forward - 60:00
Defense - 60:00

Play-by-Play

1st period


0:01 of 1st period - Elias Pettersson wins face-off versus David Krejci in neutral zone.
0:04 of 1st period - Shot by Timo Meier.
0:04 of 1st period - Shot Misses the Net.
0:06 of 1st period - Shot by Alex Killorn.
0:06 of 1st period - Stopped by Sergei Bobrovsky without a rebound.
0:07 of 1st period - Travis Zajac wins face-off versus Max Domi in WINNIPEG BEAVERS zone.
0:14 of 1st period - Shot by Travis Zajac.
0:14 of 1st period - Shot Misses the Net.
0:16 of 1st period - Shot by Justin Braun.
0:16 of 1st period - Stopped by Jaroslav Halak without a rebound.
0:17 of 1st period - Mika Zibanejad wins face-off versus Blake Coleman in RENO LIONS zone.
0:53 of 1st period - Shot by Mika Zibanejad.
0:53 of 1st period - Stopped by Jaroslav Halak without a rebound.
0:54 of 1st period - David Krejci wins face-off versus Elias Pettersson in RENO LIONS zone.
1:03 of 1st period - Shot by Gustav Nyquist.
1:03 of 1st period - Stopped by Jaroslav Halak without a rebound.
1:04 of 1st period - Travis Zajac wins face-off versus Max Domi in RENO LIONS zone.
1:09 of 1st period - Shot by Ilya Kovalchuk.
1:09 of 1st period - Shot Misses the Net.
1:40 of 1st period - Shot by Reyley Smith.
1:40 of 1st period - Shot Blocked by Olli Maatta.
1:42 of 1st period - Shot by Justin Braun.
1:42 of 1st period - Shot Misses the Net.
2:02 of 1st period - Olli Maatta is hit by Brad Marchand.
2:24 of 1st period - Alex Killorn is hit by Kris Russell and loses puck.
2:43 of 1st period - Alex Killorn is hit by David Krejci and loses puck.
2:49 of 1st period - Ryan Pulock is hit by Kris Russell and loses puck.
3:37 of 1st period - Shot by Pontus Aberg.
3:37 of 1st period - Goal by Pontus Aberg - RENO LIONS : 0 - WINNIPEG BEAVERS : 1.
3:38 of 1st period - Blake Coleman wins face-off versus Mika Zibanejad in neutral zone.
3:38 of 1st period - Blake Coleman is hit by Brandon Tanev.
3:44 of 1st period - Shot by Vincent Hinostroza.
3:44 of 1st period - Shot Blocked by Justin Braun.
3:57 of 1st period - Shot by Anders Lee.
3:57 of 1st period - Shot Misses the Net.
4:30 of 1st period - Shot by Nikolay Goldobin.
4:30 of 1st period - Shot Misses the Net.
4:32 of 1st period - Shot by Tomas Nosek.
4:32 of 1st period - Shot Misses the Net.
4:34 of 1st period - Shot by Olli Maatta.
4:34 of 1st period - Stopped by Sergei Bobrovsky with a rebound.
4:53 of 1st period - Off-side.
4:54 of 1st period - Elias Pettersson wins face-off versus Travis Zajac in neutral zone.
4:59 of 1st period - Icing by Ilya Kovalchuk.
5:00 of 1st period - Elias Pettersson wins face-off versus Ilya Kovalchuk in WINNIPEG BEAVERS zone.
5:31 of 1st period - Shot by Ilya Kovalchuk.
5:31 of 1st period - Stopped by Jaroslav Halak without a rebound.
5:32 of 1st period - David Krejci wins face-off versus Max Domi in RENO LIONS zone.
5:40 of 1st period - Minor Penalty to Jordie Benn for Interference.
5:41 of 1st period - David Krejci wins face-off versus Tomas Nosek in RENO LIONS zone.
6:00 of 1st period - Shot by Brad Marchand.
6:00 of 1st period - Shot Misses the Net.
6:10 of 1st period - Shot by Brad Marchand.
6:10 of 1st period - Shot Misses the Net.
7:22 of 1st period - Shot by Pierre-Luc Dubois.
7:22 of 1st period - Deflect By Blake Coleman.
7:22 of 1st period - Shot Misses the Net.
7:51 of 1st period - Minor Penalty to Troy Brouwer for Goalie Interference.
7:52 of 1st period - David Backes wins face-off versus Max Domi in WINNIPEG BEAVERS zone.
8:00 of 1st period - Icing by Elias Pettersson.
8:01 of 1st period - David Backes wins face-off versus Max Domi in RENO LIONS zone.
8:07 of 1st period - Matt Cullen is hit by Ryan Pulock and loses puck.
8:40 of 1st period - Matt Cullen is hit by Max Domi and loses puck.
9:26 of 1st period - Shot by Pierre-Luc Dubois.
9:26 of 1st period - Stopped by Sergei Bobrovsky without a rebound.
9:27 of 1st period - Max Domi wins face-off versus Travis Zajac in WINNIPEG BEAVERS zone.
10:28 of 1st period - Zach Bogosian is hit by Tomas Nosek and loses puck.
11:05 of 1st period - Shot by Matt Cullen.
11:05 of 1st period - Stopped by Jaroslav Halak with a rebound.
11:20 of 1st period - Off-side.
11:21 of 1st period - Travis Zajac wins face-off versus Elias Pettersson in neutral zone.
11:51 of 1st period - Icing by Ethan Bear.
11:52 of 1st period - Elias Pettersson wins face-off versus David Krejci in RENO LIONS zone.
12:08 of 1st period - Timo Meier is hit by Caleb Jones.
12:46 of 1st period - Reyley Smith is hit by Max Domi.
13:04 of 1st period - Shot by Evgeny Dadonov.
13:04 of 1st period - Goal by Evgeny Dadonov - RENO LIONS : 1 - WINNIPEG BEAVERS : 1.
13:05 of 1st period - Mika Zibanejad wins face-off versus Blake Coleman in neutral zone.
13:44 of 1st period - Icing by Ryan Pulock.
13:45 of 1st period - Travis Zajac wins face-off versus Blake Coleman in RENO LIONS zone.
13:50 of 1st period - Shot by Ilya Kovalchuk.
13:50 of 1st period - Shot Misses the Net.
13:52 of 1st period - Shot by Reyley Smith.
13:52 of 1st period - Goal by Reyley Smith - RENO LIONS : 1 - WINNIPEG BEAVERS : 2.
13:53 of 1st period - Travis Zajac wins face-off versus Max Domi in neutral zone.
13:53 of 1st period - Travis Zajac is hit by Pierre-Luc Dubois.
14:01 of 1st period - Shot by Reyley Smith.
14:01 of 1st period - Shot Misses the Net.
14:09 of 1st period - Shot by Ilya Kovalchuk.
14:09 of 1st period - Stopped by Jaroslav Halak without a rebound.
14:10 of 1st period - Elias Pettersson wins face-off versus David Krejci in RENO LIONS zone.
14:27 of 1st period - Shot by Elias Pettersson.
14:27 of 1st period - Shot Misses the Net.
14:33 of 1st period - Shot by Brad Marchand.
14:33 of 1st period - Stopped by Jaroslav Halak without a rebound.
14:34 of 1st period - Travis Zajac wins face-off versus Max Domi in RENO LIONS zone.
14:37 of 1st period - Shot by Ilya Kovalchuk.
14:37 of 1st period - Stopped by Jaroslav Halak without a rebound.
14:38 of 1st period - Travis Zajac wins face-off versus Max Domi in RENO LIONS zone.
15:00 of 1st period - Shot by Travis Zajac.
15:00 of 1st period - Stopped by Jaroslav Halak without a rebound.
15:01 of 1st period - Mika Zibanejad wins face-off versus Elias Pettersson in RENO LIONS zone.
15:01 of 1st period - Brandon Tanev is hit by Jordie Benn and loses puck.
15:44 of 1st period - Shot by Elias Pettersson.
15:44 of 1st period - Deflect By Alex Killorn.
15:44 of 1st period - Stopped by Sergei Bobrovsky without a rebound.
15:45 of 1st period - Max Domi wins face-off versus David Krejci in WINNIPEG BEAVERS zone.
15:48 of 1st period - Shot by Evgeny Dadonov.
15:48 of 1st period - Shot Misses the Net.
15:54 of 1st period - Shot by Pierre-Luc Dubois.
15:54 of 1st period - Deflect By Evgeny Dadonov.
15:54 of 1st period - Stopped by Sergei Bobrovsky without a rebound.
15:55 of 1st period - Travis Zajac wins face-off versus Max Domi in WINNIPEG BEAVERS zone.
16:08 of 1st period - Shot by Travis Zajac.
16:08 of 1st period - Shot Blocked by Ryan Pulock.
16:10 of 1st period - Shot by Mike Green.
16:10 of 1st period - Shot Blocked by Oliver Ekman-Larsson.
16:12 of 1st period - Shot by Reyley Smith.
16:12 of 1st period - Shot Misses the Net.
16:14 of 1st period - Shot by Mike Green.
16:14 of 1st period - Shot Blocked by Pierre-Luc Dubois.
16:16 of 1st period - Shot by Kris Russell.
16:16 of 1st period - Shot Misses the Net.
16:18 of 1st period - Shot by Reyley Smith.
16:18 of 1st period - Stopped by Jaroslav Halak with a rebound.
16:20 of 1st period - Shot by Kris Russell.
16:20 of 1st period - Stopped by Jaroslav Halak without a rebound.
16:21 of 1st period - David Krejci wins face-off versus Anders Lee in RENO LIONS zone.
17:33 of 1st period - Travis Zajac is hit by Timo Meier.
17:34 of 1st period - Minor Penalty to Timo Meier for Boarding.
17:35 of 1st period - Travis Zajac wins face-off versus Tomas Nosek in RENO LIONS zone.
17:36 of 1st period - Shot by Mika Zibanejad.
17:36 of 1st period - Stopped by Jaroslav Halak without a rebound.
17:37 of 1st period - Travis Zajac wins face-off versus Tomas Nosek in RENO LIONS zone.
17:48 of 1st period - Shot by Gustav Nyquist.
17:48 of 1st period - Shot Blocked by Olli Maatta.
17:50 of 1st period - Shot by Kris Russell.
17:50 of 1st period - Shot Misses the Net.
17:52 of 1st period - Shot by Kris Russell.
17:52 of 1st period - Stopped by Jaroslav Halak without a rebound.
17:53 of 1st period - David Krejci wins face-off versus Tomas Nosek in RENO LIONS zone.
17:58 of 1st period - Shot by Mika Zibanejad.
17:58 of 1st period - Stopped by Jaroslav Halak without a rebound.
17:59 of 1st period - David Krejci wins face-off versus Tomas Nosek in RENO LIONS zone.
18:04 of 1st period - Shot by Brad Marchand.
18:04 of 1st period - Stopped by Jaroslav Halak without a rebound.
18:05 of 1st period - Tomas Nosek wins face-off versus David Krejci in RENO LIONS zone.
19:21 of 1st period - Pierre-Luc Dubois is hit by Kris Russell and loses puck.
19:41 of 1st period - Shot by Alex Killorn.
19:41 of 1st period - Stopped by Sergei Bobrovsky without a rebound.
19:42 of 1st period - Matt Cullen wins face-off versus Elias Pettersson in WINNIPEG BEAVERS zone.
19:47 of 1st period - Shot by Troy Brouwer.
19:47 of 1st period - Shot Blocked by Oliver Ekman-Larsson.
Goals for this period are 1 for RENO LIONS vs 2 for WINNIPEG BEAVERS.
Shots for this period are 7 for RENO LIONS vs 17 for WINNIPEG BEAVERS.

2nd period


0:01 of 2nd period - Max Domi wins face-off versus Travis Zajac in neutral zone.
0:27 of 2nd period - Reyley Smith is hit by Jordie Benn and loses puck.
0:34 of 2nd period - Shot by Ilya Kovalchuk.
0:34 of 2nd period - Stopped by Jaroslav Halak with a rebound.
0:36 of 2nd period - Shot by Reyley Smith.
0:36 of 2nd period - Shot Misses the Net.
0:38 of 2nd period - Shot by Travis Zajac.
0:38 of 2nd period - Stopped by Jaroslav Halak without a rebound.
0:39 of 2nd period - David Krejci wins face-off versus Elias Pettersson in RENO LIONS zone.
0:39 of 2nd period - Brad Marchand is hit by Oliver Ekman-Larsson and loses puck.
1:05 of 2nd period - Shot by David Krejci.
1:05 of 2nd period - Stopped by Jaroslav Halak without a rebound.
1:05 of 2nd period - Minor Penalty to Ryan Pulock for Holding Stick.
1:06 of 2nd period - Travis Zajac wins face-off versus Tomas Nosek in RENO LIONS zone.
1:31 of 2nd period - Gustav Nyquist is hit by Adam McQuaid and loses puck.
2:07 of 2nd period - David Krejci is hit by Adam McQuaid and loses puck.
3:02 of 2nd period - Shot by Ilya Kovalchuk.
3:02 of 2nd period - Shot Blocked by Adam McQuaid.
3:04 of 2nd period - Shot by Mika Zibanejad.
3:04 of 2nd period - Stopped by Jaroslav Halak without a rebound.
3:05 of 2nd period - Matt Cullen wins face-off versus Pierre-Luc Dubois in RENO LIONS zone.
3:20 of 2nd period - Troy Brouwer is hit by Max Domi and loses puck.
3:31 of 2nd period - Shot by Matt Cullen.
3:31 of 2nd period - Shot Misses the Net.
3:47 of 2nd period - Off-side.
3:48 of 2nd period - Mika Zibanejad wins face-off versus Blake Coleman in neutral zone.
3:59 of 2nd period - Shot by Brandon Tanev.
3:59 of 2nd period - Shot Blocked by Adam McQuaid.
4:50 of 2nd period - Icing by Adam McQuaid.
4:51 of 2nd period - Blake Coleman wins face-off versus Ilya Kovalchuk in RENO LIONS zone.
4:51 of 2nd period - Blake Coleman is hit by Ilya Kovalchuk.
5:23 of 2nd period - Shot by Timo Meier.
5:23 of 2nd period - Shot Misses the Net.
5:25 of 2nd period - Shot by Olli Maatta.
5:25 of 2nd period - Shot Blocked by Caleb Jones.
5:27 of 2nd period - Shot by Alex Killorn.
5:27 of 2nd period - Stopped by Sergei Bobrovsky without a rebound.
5:28 of 2nd period - Max Domi wins face-off versus Brad Marchand in WINNIPEG BEAVERS zone.
5:37 of 2nd period - Shot by Evgeny Dadonov.
5:37 of 2nd period - Shot Misses the Net.
6:15 of 2nd period - Shot by Max Domi.
6:15 of 2nd period - Shot Misses the Net.
6:18 of 2nd period - Evgeny Dadonov is hit by Kris Russell and loses puck.
6:58 of 2nd period - Shot by Timo Meier.
6:58 of 2nd period - Deflect By Alex Killorn.
6:58 of 2nd period - Shot Misses the Net.
7:00 of 2nd period - Shot by Jordie Benn.
7:00 of 2nd period - Stopped by Sergei Bobrovsky without a rebound.
7:01 of 2nd period - Anders Lee wins face-off versus Mika Zibanejad in WINNIPEG BEAVERS zone.
8:14 of 2nd period - Shot by Alex Killorn.
8:14 of 2nd period - Shot Hit the Post.
8:37 of 2nd period - Shot by Timo Meier.
8:37 of 2nd period - Shot Misses the Net.
8:39 of 2nd period - Shot by Ryan Pulock.
8:39 of 2nd period - Shot Misses the Net.
9:14 of 2nd period - Alex Killorn is hit by Nick Seeler and loses puck.
9:18 of 2nd period - Icing by Pontus Aberg.
9:19 of 2nd period - Max Domi wins face-off versus Matt Cullen in WINNIPEG BEAVERS zone.
9:19 of 2nd period - Max Domi is hit by Nick Seeler.
9:35 of 2nd period - Shot by Evgeny Dadonov.
9:35 of 2nd period - Stopped by Sergei Bobrovsky without a rebound.
9:36 of 2nd period - Mika Zibanejad wins face-off versus Blake Coleman in WINNIPEG BEAVERS zone.
9:57 of 2nd period - Shot by Anders Lee.
9:57 of 2nd period - Shot Misses the Net.
9:59 of 2nd period - Shot by Anders Lee.
9:59 of 2nd period - Stopped by Sergei Bobrovsky with a rebound.
11:01 of 2nd period - Off-side.
11:02 of 2nd period - Travis Zajac wins face-off versus Elias Pettersson in neutral zone.
11:02 of 2nd period - Reyley Smith is hit by Elias Pettersson and loses puck.
11:17 of 2nd period - Shot by Elias Pettersson.
11:17 of 2nd period - Deflect By Timo Meier.
11:17 of 2nd period - Stopped by Sergei Bobrovsky without a rebound.
11:18 of 2nd period - Matt Cullen wins face-off versus Max Domi in WINNIPEG BEAVERS zone.
11:33 of 2nd period - Shot by Pierre-Luc Dubois.
11:33 of 2nd period - Shot Blocked by Matt Cullen.
11:53 of 2nd period - Shot by Evgeny Dadonov.
11:53 of 2nd period - Stopped by Sergei Bobrovsky with a rebound.
12:19 of 2nd period - Timo Meier is hit by Ilya Kovalchuk and loses puck.
13:03 of 2nd period - Shot by Brad Marchand.
13:03 of 2nd period - Stopped by Jaroslav Halak without a rebound.
13:04 of 2nd period - David Krejci wins face-off versus Blake Coleman in RENO LIONS zone.
13:07 of 2nd period - Shot by Gustav Nyquist.
13:07 of 2nd period - Shot Blocked by Jordie Benn.
13:09 of 2nd period - Shot by Gustav Nyquist.
13:09 of 2nd period - Deflect By Brad Marchand.
13:09 of 2nd period - Stopped by Jaroslav Halak with a rebound.
13:37 of 2nd period - Shot by David Krejci.
13:37 of 2nd period - Stopped by Jaroslav Halak with a rebound.
13:39 of 2nd period - Shot by Zach Bogosian.
13:39 of 2nd period - Stopped by Jaroslav Halak without a rebound.
13:40 of 2nd period - Max Domi wins face-off versus Mika Zibanejad in RENO LIONS zone.
13:46 of 2nd period - Mika Zibanejad is hit by Adam McQuaid.
14:01 of 2nd period - Shot by Mika Zibanejad.
14:01 of 2nd period - Shot Misses the Net.
14:16 of 2nd period - Minor Penalty to Adam McQuaid for High sticking.
14:17 of 2nd period - Tomas Nosek wins face-off versus Reyley Smith in RENO LIONS zone.
14:39 of 2nd period - Shot by Brad Marchand.
14:39 of 2nd period - Shot Blocked by Olli Maatta.
14:41 of 2nd period - Shot by Kris Russell.
14:41 of 2nd period - Shot Misses the Net.
14:59 of 2nd period - Shot by Brad Marchand.
14:59 of 2nd period - Stopped by Jaroslav Halak without a rebound.
15:00 of 2nd period - Travis Zajac wins face-off versus Blake Coleman in RENO LIONS zone.
15:01 of 2nd period - Shot by Mika Zibanejad.
15:01 of 2nd period - Stopped by Jaroslav Halak without a rebound.
15:02 of 2nd period - Pierre-Luc Dubois wins face-off versus Gustav Nyquist in RENO LIONS zone.
15:29 of 2nd period - Shot by Mika Zibanejad.
15:29 of 2nd period - Shot Misses the Net.
16:02 of 2nd period - Blake Coleman is hit by Mika Zibanejad and loses puck.
16:18 of 2nd period - Shot by Pontus Aberg.
16:18 of 2nd period - Stopped by Jaroslav Halak with a rebound.
16:22 of 2nd period - Shot by Pontus Aberg.
16:22 of 2nd period - Stopped by Jaroslav Halak without a rebound.
16:23 of 2nd period - Anders Lee wins face-off versus Matt Cullen in RENO LIONS zone.
16:23 of 2nd period - Anders Lee is hit by Troy Brouwer.
17:21 of 2nd period - Icing by Alex Killorn.
17:22 of 2nd period - David Krejci wins face-off versus Timo Meier in RENO LIONS zone.
18:30 of 2nd period - Minor Penalty to Jordie Benn for Slashing.
18:31 of 2nd period - Pierre-Luc Dubois wins face-off versus David Krejci in RENO LIONS zone.
18:46 of 2nd period - Shot by Mika Zibanejad.
18:46 of 2nd period - Shot Misses the Net.
18:52 of 2nd period - Shot by David Krejci.
18:52 of 2nd period - Shot Blocked by Pierre-Luc Dubois.
18:54 of 2nd period - Shot by Mika Zibanejad.
18:54 of 2nd period - Stopped by Jaroslav Halak without a rebound.
18:55 of 2nd period - Tomas Nosek wins face-off versus Ilya Kovalchuk in RENO LIONS zone.
19:28 of 2nd period - Shot by Ilya Kovalchuk.
19:28 of 2nd period - Stopped by Jaroslav Halak without a rebound.
19:29 of 2nd period - David Krejci wins face-off versus Pierre-Luc Dubois in RENO LIONS zone.
19:30 of 2nd period - Shot by Mika Zibanejad.
19:30 of 2nd period - Shot Misses the Net.
19:48 of 2nd period - Shot by Mika Zibanejad.
19:48 of 2nd period - Stopped by Jaroslav Halak with a rebound.
Goals for this period are 0 for RENO LIONS vs 0 for WINNIPEG BEAVERS.
Shots for this period are 6 for RENO LIONS vs 15 for WINNIPEG BEAVERS.

3rd period


0:01 of 3rd period - David Krejci wins face-off versus Tomas Nosek in neutral zone.
0:45 of 3rd period - Evgeny Dadonov is hit by Brandon Tanev and loses puck.
0:52 of 3rd period - Icing by Ryan Pulock.
0:53 of 3rd period - Max Domi wins face-off versus Matt Cullen in RENO LIONS zone.
0:53 of 3rd period - Max Domi is hit by Troy Brouwer.
1:13 of 3rd period - Shot by Max Domi.
1:13 of 3rd period - Shot Blocked by Caleb Jones.
1:22 of 3rd period - Evgeny Dadonov is hit by Caleb Jones and loses puck.
2:19 of 3rd period - Shot by Reyley Smith.
2:19 of 3rd period - Goal by Reyley Smith - RENO LIONS : 1 - WINNIPEG BEAVERS : 3.
2:20 of 3rd period - Anders Lee wins face-off versus Brad Marchand in neutral zone.
2:25 of 3rd period - Shot by Anders Lee.
2:25 of 3rd period - Stopped by Sergei Bobrovsky with a rebound.
2:40 of 3rd period - David Krejci is hit by Adam McQuaid and loses puck.
3:01 of 3rd period - Shot by Brad Marchand.
3:01 of 3rd period - Shot Misses the Net.
3:12 of 3rd period - Justin Braun is hit by Adam McQuaid and loses puck.
3:17 of 3rd period - Shot by Mika Zibanejad.
3:17 of 3rd period - Stopped by Jaroslav Halak without a rebound.
3:18 of 3rd period - Travis Zajac wins face-off versus Elias Pettersson in RENO LIONS zone.
3:39 of 3rd period - Shot by Travis Zajac.
3:39 of 3rd period - Shot Blocked by Oliver Ekman-Larsson.
3:47 of 3rd period - Shot by Timo Meier.
3:47 of 3rd period - Shot Blocked by Kris Russell.
3:48 of 3rd period - Minor Penalty to Kris Russell for Hooking.
3:49 of 3rd period - David Backes wins face-off versus Max Domi in WINNIPEG BEAVERS zone.
4:26 of 3rd period - Shot by Elias Pettersson.
4:26 of 3rd period - Shot Misses the Net.
4:36 of 3rd period - Ryan Pulock is hit by David Backes and loses puck.
4:47 of 3rd period - Shot by Pierre-Luc Dubois.
4:47 of 3rd period - Shot Hit the Post.
4:49 of 3rd period - Shot by Oliver Ekman-Larsson.
4:49 of 3rd period - Stopped by Sergei Bobrovsky with a rebound.
5:15 of 3rd period - Shot by Pierre-Luc Dubois.
5:15 of 3rd period - Goal by Pierre-Luc Dubois - RENO LIONS : 2 - WINNIPEG BEAVERS : 3.
5:16 of 3rd period - Tomas Nosek wins face-off versus David Krejci in neutral zone.
5:21 of 3rd period - Shot by Jordie Benn.
5:21 of 3rd period - Stopped by Sergei Bobrovsky without a rebound.
5:22 of 3rd period - David Krejci wins face-off versus Tomas Nosek in WINNIPEG BEAVERS zone.
5:36 of 3rd period - Shot by Brad Marchand.
5:36 of 3rd period - Stopped by Jaroslav Halak with a rebound.
5:38 of 3rd period - Shot by Brad Marchand.
5:38 of 3rd period - Stopped by Jaroslav Halak with a rebound.
5:58 of 3rd period - Shot by Gustav Nyquist.
5:58 of 3rd period - Stopped by Jaroslav Halak without a rebound.
5:59 of 3rd period - Elias Pettersson wins face-off versus Mika Zibanejad in RENO LIONS zone.
6:13 of 3rd period - Timo Meier is hit by Mike Green and loses puck.
6:28 of 3rd period - Shot by Mika Zibanejad.
6:28 of 3rd period - Shot Misses the Net.
6:30 of 3rd period - Shot by Mike Green.
6:30 of 3rd period - Stopped by Jaroslav Halak without a rebound.
6:31 of 3rd period - Travis Zajac wins face-off versus Max Domi in RENO LIONS zone.
7:04 of 3rd period - Icing by Travis Zajac.
7:05 of 3rd period - Travis Zajac wins face-off versus Elias Pettersson in WINNIPEG BEAVERS zone.
7:40 of 3rd period - Shot by Elias Pettersson.
7:40 of 3rd period - Stopped by Sergei Bobrovsky with a rebound.
7:51 of 3rd period - Icing by Reyley Smith.
7:52 of 3rd period - Travis Zajac wins face-off versus Pierre-Luc Dubois in WINNIPEG BEAVERS zone.
7:56 of 3rd period - Off-side.
7:57 of 3rd period - Pierre-Luc Dubois wins face-off versus David Krejci in neutral zone.
8:28 of 3rd period - Ryan Pulock is hit by Brad Marchand.
9:07 of 3rd period - Brad Marchand is hit by Timo Meier and loses puck.
9:16 of 3rd period - Shot by Timo Meier.
9:16 of 3rd period - Stopped by Sergei Bobrovsky with a rebound.
9:27 of 3rd period - Alex Killorn is hit by Kris Russell and loses puck.
9:53 of 3rd period - Off-side.
9:54 of 3rd period - Mika Zibanejad wins face-off versus Tomas Nosek in neutral zone.
10:05 of 3rd period - Shot by Mika Zibanejad.
10:05 of 3rd period - Stopped by Jaroslav Halak without a rebound.
10:06 of 3rd period - Travis Zajac wins face-off versus Max Domi in RENO LIONS zone.
10:39 of 3rd period - Shot by Ilya Kovalchuk.
10:39 of 3rd period - Shot Misses the Net.
10:41 of 3rd period - Shot by Reyley Smith.
10:41 of 3rd period - Shot Blocked by Oliver Ekman-Larsson.
10:43 of 3rd period - Shot by Reyley Smith.
10:43 of 3rd period - Stopped by Jaroslav Halak with a rebound.
10:45 of 3rd period - Shot by Justin Braun.
10:45 of 3rd period - Stopped by Jaroslav Halak without a rebound.
10:46 of 3rd period - Elias Pettersson wins face-off versus Mika Zibanejad in RENO LIONS zone.
11:23 of 3rd period - Shot by Mika Zibanejad.
11:23 of 3rd period - Stopped by Jaroslav Halak without a rebound.
11:24 of 3rd period - Pierre-Luc Dubois wins face-off versus Travis Zajac in RENO LIONS zone.
11:26 of 3rd period - Evgeny Dadonov is hit by Reyley Smith and loses puck.
11:34 of 3rd period - Travis Zajac is hit by Oliver Ekman-Larsson and loses puck.
11:37 of 3rd period - Shot by Reyley Smith.
11:37 of 3rd period - Shot Misses the Net.
11:48 of 3rd period - Shot by Reyley Smith.
11:48 of 3rd period - Stopped by Jaroslav Halak without a rebound.
11:49 of 3rd period - David Krejci wins face-off versus Blake Coleman in RENO LIONS zone.
12:13 of 3rd period - Icing by Adam McQuaid.
12:14 of 3rd period - Blake Coleman wins face-off versus Mika Zibanejad in RENO LIONS zone.
12:14 of 3rd period - Blake Coleman is hit by Brandon Tanev.
12:25 of 3rd period - Anders Lee is hit by Nick Seeler and loses puck.
12:42 of 3rd period - Shot by Vincent Hinostroza.
12:42 of 3rd period - Shot Misses the Net.
14:11 of 3rd period - Shot by Gustav Nyquist.
14:11 of 3rd period - Deflect By Brad Marchand.
14:11 of 3rd period - Shot Blocked by Oliver Ekman-Larsson.
14:58 of 3rd period - Shot by Pontus Aberg.
14:58 of 3rd period - Stopped by Jaroslav Halak without a rebound.
14:59 of 3rd period - Brandon Tanev wins face-off versus Blake Coleman in RENO LIONS zone.
15:49 of 3rd period - Shot by Travis Zajac.
15:49 of 3rd period - Shot Hit the Post.
15:51 of 3rd period - Shot by Reyley Smith.
15:51 of 3rd period - Stopped by Jaroslav Halak with a rebound.
16:12 of 3rd period - Nikolay Goldobin is hit by Nick Seeler and loses puck.
16:43 of 3rd period - Shot by David Krejci.
16:43 of 3rd period - Shot Hit the Post.
17:17 of 3rd period - Shot by David Krejci.
17:17 of 3rd period - Shot Misses the Net.
17:29 of 3rd period - Shot by Pontus Aberg.
17:29 of 3rd period - Shot Misses the Net.
17:31 of 3rd period - Shot by Troy Brouwer.
17:31 of 3rd period - Stopped by Jaroslav Halak without a rebound.
17:32 of 3rd period - Max Domi wins face-off versus Mika Zibanejad in RENO LIONS zone.
17:55 of 3rd period - David Backes is hit by Ryan Pulock and loses puck.
19:30 of 3rd period - Shot by Reyley Smith.
19:30 of 3rd period - Stopped by Jaroslav Halak without a rebound.
19:31 of 3rd period - Mika Zibanejad wins face-off versus Vincent Hinostroza in RENO LIONS zone.
19:42 of 3rd period - Shot by Mika Zibanejad.
19:42 of 3rd period - Stopped by Jaroslav Halak with a rebound.
Goals for this period are 1 for RENO LIONS vs 1 for WINNIPEG BEAVERS.
Shots for this period are 6 for RENO LIONS vs 16 for WINNIPEG BEAVERS.


AUSTON
MATTHEWS
JOEL
ERIKSSON
MATHEW
BARZAL

EAST COAST

HOCKEY LEAGUE

  • 21.PIT7MAN3
  • 22.ATL3NHW4
  • 23.WOR5PET4
  • 24.3RHI4
  • 25.QUECHI
  • 26.CHALIM
  • 27.TRVLON
  • 28.CHWBAL